 Dungeon Crawl Stone Soup version 0.30-a0-339-g89bb51ec76 (webtiles) character file.

Game seed: 11747799936242985376

29124 Lanoc the Thaumaturge (level 13, -7/75 HPs)
             Began as a Djinni Conjurer on Oct 31, 2022.
             Was the Champion of Makhleb.
             Mangled by a gargoyle
             ... wielding a +0 mace
              (17 damage)
             ... on level 13 of the Dungeon.
             The game lasted 00:33:39 (11087 turns).

Lanoc the Thaumaturge (Djinni Conjurer)            Turns: 11087, Time: 00:33:39

Health: -7/75      AC: 11    Str:  3    XL:     13   Next: 78%
Gold:   818        EV: 19    Int: 26    God:    Makhleb [******] SH:  0 Dex: 14

rFire   + . .      SeeInvis +    a - staff of conjuration
rCold   + . .      Faith    +    (no shield)
rNeg    + + .      Spirit   .    z - +1 robe "Uxaujy" {rN+ Regen+ Str-3 SInv}
rPois   ∞          Reflect  .    O - +2 hat {SInv}
rElec   .          Harm     .    s - +0 cloak {rCorr}
rCorr   +          Rampage  .    c - +0 pair of gloves
Will    +....                    (boots unavailable)
Stlth   ++........               t - amulet of Yrerirche {Faith rC+ rN+ Dex+3}
HPRegen 1.12/turn                f - ring of ice
MPRegen 0.00/turn                G - +4 ring of protection

@: flying, slightly contaminated
A: sickness immunity, fire resistance 2, cold vulnerability 1, float, innate
caster, HP casting, extra vitality 1, screaming 1
a: Renounce Religion, Minor Destruction, Lesser Servant of Makhleb, Major
Destruction, Greater Servant of Makhleb


You were on level 13 of the Dungeon.
You worshipped Makhleb.
Makhleb was exalted by your worship.
You visited 2 branches of the dungeon, and saw 14 of its levels.
You also visited: Ice Cave.

You collected 818 gold pieces.

Inventory:

Hand Weapons
 b - a +6 battleaxe of freezing
 j - a +1 dagger of electrocution
Missiles
 K - a curare-tipped dart
 U - a throwing net
Armour
 c - a +0 pair of gloves (worn)
 s - a +0 cloak of preservation (worn)
 z - the +1 robe "Uxaujy" (worn) {rN+ Regen+ Str-3 SInv}
   (You found it on level 5 of the Dungeon)

   Str:       It affects your strength (-3).
   rN:        It protects you from negative energy.
   SInv:      It lets you see invisible.
   Regen:     It increases your rate of health regeneration.
 E - a +0 kite shield
 O - a +2 hat of see invisible (worn)
Magical Staves
 a - a staff of conjuration (weapon)
 n - a staff of death
Jewellery
 f - a ring of ice (left hand)
 h - a +6 ring of dexterity
 t - the amulet of Yrerirche (around neck) {Faith rC+ rN+ Dex+3}
   (You found it on level 4 of the Dungeon)

   [amulet of faith]

   It allows you to gain divine favour quickly.
   Dex:       It affects your dexterity (+3).
   rC:        It protects you from cold.
   rN:        It protects you from negative energy.
 D - an amulet of regeneration
 G - a +4 ring of protection (right hand)
 S - a +4 ring of slaying
 T - a +4 ring of evasion
Wands
 I - a wand of roots (3)
 J - a wand of mindburst (20)
 L - a wand of paralysis (7)
 Q - a wand of quicksilver (7)
Scrolls
 d - a scroll of enchant weapon {unknown}
 i - 3 scrolls of teleportation
 k - 3 scrolls of magic mapping
 l - a scroll of blinking {unknown}
 m - 5 scrolls of vulnerability {unknown}
 q - a scroll of enchant armour {unknown}
 v - a scroll of fear {unknown}
 x - 2 scrolls of torment {unknown}
 y - 6 scrolls of noise {unknown}
 A - a scroll of poison
 B - 2 scrolls of brand weapon {unknown}
 N - 2 scrolls of fog {unknown}
Potions
 e - 2 potions of mutation {unknown}
 g - 7 potions of curing {unknown}
 o - a potion of cancellation {unknown}
 p - a potion of flight
 r - 3 potions of resistance
 u - 2 potions of might
 w - a potion of attraction
 F - a potion of haste
 H - 8 potions of heal wounds {unknown}
 M - 3 potions of ambrosia
 P - 2 potions of brilliance


   Skills:
 + Level 14.3 Dodging
 - Level 2.5 Stealth
 * Level 14.4 Spellcasting


You had 9 spell levels left.
You knew the following spells:

 Your Spells              Type           Power      Damage    Failure   Level
a - Magic Dart            Conj           100%       1d8       0%          1
b - Searing Ray           Conj           100%       2d8       0%          2
c - Fulminant Prism       Conj/Hex       48%        3d20      1%          4
d - Irradiate             Conj/Tmut      48%        3d27      1%          5
e - Iskenderun's Mystic   Conj/Tloc      96%        2d19      1%          4
f - Summon Small Mammal   Summ           100%       N/A       0%          1
g - Momentum Strike       Conj/Tloc      100%       3d10      0%          2
h - Blink                 Tloc           100%       N/A       0%          2
i - Hailstorm             Conj/Ice       100%       3d20      1%          3
j - Animate Armour        Summ/Erth      100%       N/A       1%          4
k - Dazzling Flash        Conj/Hex       100%       N/A       1%          3
Your spell library was empty.

Dungeon Overview and Level Annotations

Branches:
Dungeon (13/15)            Temple (1/1) D:5            Lair (0/5) D:9
    Orc (0/2) D:9           IceCv (visited)
 Vaults: D:13-14

Altars:
Ashenzari
Cheibriados
Dithmenos
Elyvilon
Gozag
Hepliaklqana
Makhleb
Nemelex Xobeh
Qazlal
Ru
Trog
Uskayaw
Wu Jian
Xom
Yredelemnul

Shops:
D:7 [=   D:9 [

Annotations:
D:5 1 runed translucent door, RatherSlowDeath's ghost, novice DrTm
D:12 1 runed translucent door


Innate Abilities, Weirdness & Mutations

You are immune to sickness and miasma.
You are immune to poison.
Your flesh is very heat resistant. (rF++)
You are vulnerable to cold. (rC-)
You float through the air rather than walking.
You learn spells naturally, not from books.
Your magical power is your life essence.
You have superior vitality. (+4 MHP)
You occasionally shout uncontrollably at your foes.


Message History

Confirm with . or Enter, or press ? or * to list all spells.
You feel a surge of power!
You erupt in a fountain of uncontrolled magic!
The manticore is blasted with magical radiation!!
The manticore is heavily wounded.
The manticore twists and deforms.
The centaur warrior is blasted with magical radiation!!
The centaur warrior is almost dead.
The centaur warrior twists and deforms.
The centaur warrior hits you. The centaur warrior misses you.
The manticore bites you but does no damage.
The manticore misses you. The manticore barely misses you.
The centaur warrior completely misses you.
The centaur warrior kicks you but does no damage.
The centaur warrior misses you.
The centaur warrior completely misses you.
The manticore barely misses you. The manticore claws you.
The manticore barely misses you.
Casting: Irradiate (mildly dangerous; 1% risk of failure)
Confirm with . or Enter, or press ? or * to list all spells.
You feel a surge of power!
You erupt in a fountain of uncontrolled magic!
The manticore is blasted with magical radiation!!!!
You kill the manticore!
Makhleb accepts your kill.
The centaur warrior is blasted with magical radiation!!
You kill the centaur warrior!
Makhleb accepts your kill.
You feel better.
You are lightly contaminated with residual magic.
The gargoyle hurls a stone arrow at you.
The stone arrow hits you!
* * * LOW HITPOINT WARNING * * *
The gargoyle hurls a stone arrow at you.
The stone arrow misses you.
There is a stone staircase leading up here.
The skeletal warrior hits you from afar with a +0 halberd!
* * * LOW HITPOINT WARNING * * *
The gargoyle hits you with a +0 mace!
You die...

.....# ..#
......#..#
.......#..###
.........#..#
...........##
.......z....##
.......9.....#
......†@..)..#
..###.###...##
.. #†##.# ...
.## .. ... ..
... .. ... ..
. #... # ..#.
.....


You could see a skeletal warrior and a gargoyle.

Vanquished Creatures
  A sphinx (IceCv)
  Gastronok (D:8)
  2 centaur warriors
  A two-headed ogre (D:12)
  6 death yaks (IceCv)
  Sonja (D:13)
  2 skeletal warriors (D:12)
  Pikel (D:9)
  A deep elf pyromancer (D:12)
  2 ugly things
  A manticore (D:13)
  Maurice (D:8)
  An ice statue (IceCv)
  9 rime drakes
  4 unseen horrors
  4 trolls
  4 polar bears (IceCv)
  Prince Ribbit (D:5)
  A vampire (D:10)
  A shadow (D:12)
  32 yaks
  A wraith (D:12)
  A wyvern (D:9)
  Grum (D:8)
  3 wargs (D:9)
  2 steam dragons
  3 vampire mosquitoes (D:11)
  2 acid dragons
  A two-headed ogre zombie (D:9)
  A water moccasin (D:8)
  A floating eye (D:6)
  3 sky beasts
  3 ice beasts
  3 orc warriors
  3 ogres
  15 wolves
  3 centaurs
  2 lemures (D:9)
  5 phantoms
  A gnoll sergeant (D:9)
  7 scorpions
  3 bullfrogs
  4 wights (D:7)
  3 troll zombies (D:9)
  2 oklob saplings (D:8)
  8 killer bees
  A vampire bat (D:9)
  6 howler monkeys
  2 jellies (D:7)
  4 hounds
  6 orc priests
  8 orc wizards
  3 iguanas
  4 ogre zombies (D:9)
  12 adders
  4 gnolls (D:9)
  A white imp (D:8)
  An ufetubus (D:4)
  6 worms
  4 dart slugs
  21 orcs
  4 bat skeletons (D:9)
  A bat zombie (D:9)
  3 endoplasms
  2 giant cockroaches
  8 goblins
  3 hobgoblins
  4 jackals (D:3)
  3 quokkas
  12 ball pythons
  8 bats
  A frilled lizard (D:3)
  2 goblin skeletons (D:9)
  5 goblin zombies (D:9)
  2 hobgoblin skeletons (D:9)
  4 kobolds
  An orc skeleton (D:9)
  15 orc zombies (D:9)
  6 rats
325 creatures vanquished.

Vanquished Creatures (others)
  3 plants (D:8)
3 creatures vanquished.

Grand Total: 328 creatures vanquished

Notes
Turn   | Place    | Note
-------+----------+-------------------------------------------
     0 | D:1      | Lanoc the Djinni Conjurer began the quest for the Orb.
     0 | D:1      | Lanoc set off with the following spells memorised: Magic
                  | Dart, Searing Ray, Dazzling Flash, Fulminant Prism,
                  | Iskenderun's Mystic Blast.
     0 | D:1      | Reached XP level 1. HP: 15/15 MP: 0/0
   377 | D:1      | Reached XP level 2. HP: 19/21 MP: 0/0
   885 | D:2      | Reached XP level 3. HP: 23/25 MP: 0/0
   885 | D:2      | Learned a level 1 spell: Summon Small Mammal
  1279 | D:2      | Reached XP level 4. HP: 26/31 MP: 0/0
  1714 | D:3      | Found a basalt altar of Yredelemnul.
  2184 | D:3      | Found a burning altar of Makhleb.
  2225 | D:3      | Reached XP level 5. HP: 33/35 MP: 0/0
  2225 | D:3      | Learned a level 2 spell: Momentum Strike
  2257 | D:3      | Became a worshipper of Makhleb the Destroyer
  2377 | D:3      | Noticed a phantom
  2386 | D:3      | Killed a phantom
  2555 | D:4      | Noticed an ogre
  2600 | D:4      | Reached XP level 6. HP: 27/40 MP: 0/0
  2720 | D:4      | Killed an ogre
  3001 | D:4      | Identified the amulet of Yrerirche {Faith rC+ rN+ Dex+3}
  3111 | D:5      | Entered Level 5 of the Dungeon
  3145 | D:5      | Noticed an ogre
  3159 | D:5      | Killed an ogre
  3160 | D:5      | Reached skill level 5 in Spellcasting
  3160 | D:5      | Reached XP level 7. HP: 39/45 MP: 0/0
  3160 | D:5      | Learned a level 2 spell: Blink
  3194 | D:5      | Found a runed translucent door.
  3194 | D:5      | Noticed RatherSlowDeath's ghost (novice DrTm)
  3238 | D:5      | Found an opulent altar of Gozag.
  3274 | D:5      | Reached skill level 5 in Dodging
  3571 | D:5      | Identified the +1 robe "Uxaujy" {rN+ Regen+ Str-3 SInv}
  3629 | D:5      | Found a staircase to the Ecumenical Temple.
  3635 | Temple   | Entered the Ecumenical Temple
  3659 | D:5      | Reached * piety under Makhleb
  3660 | D:5      | Reached XP level 8. HP: 23/50 MP: 0/0
  3712 | D:5      | Noticed Prince Ribbit
  3717 | D:5      | Killed Prince Ribbit
  3772 | D:5      | Found a shimmering altar of Xom.
  4245 | D:6      | Noticed Maggie
  4246 | D:6      | Maggie changed into Maggie the ice beast
  4246 | D:6      | Noticed Maggie
  4254 | D:6      | Killed Maggie the ice beast
  4255 | D:6      | Reached XP level 9. HP: 47/55 MP: 0/0
  4255 | D:6      | Learned a level 3 spell: Hailstorm
  4466 | D:6      | Noticed a cyclops
  4474 | D:6      | a cyclops changed into a floating eye
  4475 | D:6      | Paralysed by a floating eye for 2 turns
  4886 | D:7      | Found a shadowy altar of Dithmenos.
  5102 | D:7      | Reached ** piety under Makhleb
  5122 | D:7      | Found Xume Yri's Jewellery Shoppe.
  5154 | D:7      | Found a hazy altar of Hepliaklqana.
  5315 | D:7      | Found Vueromakho's Armour Shoppe.
  5501 | D:8      | Reached XP level 10. HP: 60/60 MP: 0/0
  5626 | D:8      | Noticed Grum
  5631 | D:8      | Noticed Maurice
  5639 | D:8      | Paralysed by Maurice for 4 turns
  5645 | D:8      | Killed Grum
  5654 | D:8      | Killed Maurice
  5714 | D:8      | Found a sacrificial altar of Ru.
  5773 | D:8      | Reached *** piety under Makhleb
  5818 | D:8      | Found a sparkling altar of Nemelex Xobeh.
  5844 | D:8      | Reached skill level 10 in Spellcasting
  6137 | D:8      | Noticed Gastronok
  6156 | D:8      | Killed Gastronok
  6157 | D:8      | Reached skill level 10 in Dodging
  6157 | D:8      | Reached XP level 11. HP: 54/65 MP: 0/0
  6157 | D:8      | Learned a level 4 spell: Animate Armour
  6375 | D:9      | Found Samiesk's Antique Armour Boutique.
  6465 | D:9      | Found a staircase to the Orcish Mines.
  6480 | D:9      | Reached **** piety under Makhleb
  6514 | D:9      | Found a staircase to the Lair.
  6754 | D:9      | Noticed a centaur warrior
  6771 | D:9      | Killed a centaur warrior
  6961 | D:9      | Found a bloodstained altar of Trog.
  6993 | D:9      | Noticed Pikel
  7054 | D:9      | Killed Pikel
  7126 | D:9      | Reached ***** piety under Makhleb
  7403 | D:10     | Entered Level 10 of the Dungeon
  7747 | D:10     | Reached XP level 12. HP: 57/70 MP: 0/0
  7828 | D:10     | Found an ornate altar of the Wu Jian Council.
  8065 | D:10     | Found a snail-covered altar of Cheibriados.
  8293 | D:11     | Found a frozen archway.
  8336 | IceCv    | Entered an ice cave
  8374 | IceCv    | Noticed a death yak
  8395 | IceCv    | Killed a death yak
  8450 | IceCv    | Noticed a death yak
  8452 | IceCv    | Noticed a death yak
  8465 | IceCv    | Killed a death yak
  8470 | IceCv    | HP: 2/70 [death yak (21)]
  8477 | IceCv    | Killed a death yak
  8676 | IceCv    | HP: 3/70 [polar bear (17)]
  8695 | IceCv    | Noticed a frost giant
  8702 | IceCv    | a frost giant changed into a sphinx
  8702 | IceCv    | Noticed a sphinx
  8723 | IceCv    | Paralysed by a sphinx for 3 turns
  8724 | IceCv    | Killed a sphinx
  8755 | IceCv    | Noticed a death yak
  8811 | IceCv    | Killed a death yak
  8870 | IceCv    | Noticed a death yak
  9002 | IceCv    | Reached XP level 13. HP: 65/75 MP: 0/0
  9002 | IceCv    | Learned a level 5 spell: Irradiate
  9449 | D:11     | Gained mutation: You occasionally shout uncontrollably at
                  | your foes. [mutagenic glow]
 10401 | D:12     | Found the ring of Shadows {Umbra +Inv Stlth+}
 10402 | D:12     | Noticed a centaur warrior
 10402 | D:12     | Noticed a storm dragon
 10403 | D:12     | Noticed a centaur warrior
 10404 | D:12     | Found a runed translucent door.
 10407 | D:12     | Noticed a centaur warrior
 10660 | D:12     | Reached ****** piety under Makhleb
 10978 | D:13     | Noticed Sonja
 10978 | D:13     | Noticed a centaur warrior
 10982 | D:13     | Killed Sonja
 11084 | D:13     | Killed a centaur warrior
 11087 | D:13     | Mangled by a gargoyle

Illustrated notes

Levels and vault maps discovered:
D:1:      dpeg_arrival_tiny_g, layout_basic, nicolae_wormholes
D:2:      layout_basic
D:3:      layout_basic, mainiacjoe_overflow_six_doors_small,
          lightli_temple_of_fire, kennysheep_nub, eino_curves_01
D:4:      layout_rooms
D:5:      layout_basic, lemuel_coloured_pillars_altar, lemuel_crystal_altar,
          minmay_temple_entry_hall, hellmonk_ghost_happy_afterlife,
          uniq_prince_ribbit1
D:6:      layout_loops_ring, minmay_manual_monstrance, uniq_maggie
D:7:      layout_loops_ring, grunt_dithmenos_shadows,
          mainiacjoe_overflow_tiny_flanked, serial_shops, shop, shop_fountains,
          minmay_liquid_box
D:8:      layout_basic, nicolae_ru_great_annihilating_truth,
          nemelex_spade_bored_becter, introduction_to_nature_1, uniq_gastronok,
          uniq_grum, uniq_maurice
D:9:      layout_basic, kennysheep_vampire_church, kennysheep_mini_moat,
          erik_lair_orcish_takeover, zombieorc2_lemuel, serial_shops, shop,
          uniq_pikel
D:10:     hellmonk_destroyed_diamonds, layout_long_grid, cheibriados_altar_1,
          nicolae_wu_jian_immortal_techniques, kennysheep_mini
D:11:     layout_layer_cave, portal_ice_cave_rime
D:12:     layout_irregular_city, minmay_st_funbox, kennysheep_generic_room_7
D:13:     layout_layer_cave, david_vaults_4, minivault_16, uniq_kirke,
          uniq_sonja, uniq_josephine
Temple:   hellmonk_temple_rainy

Skill      XL: |  1  2  3  4  5  6  7  8  9 10 11 12 13 |
---------------+----------------------------------------+-----
Stealth        | 2 |  2.5
Dodging        | 3 4 5 6 8 10 11 13 14 | 14.3
Spellcasting   | 4 5 7 8 10 11 13 14 | 14.4

Action                   |  1- 3 |  4- 6 |  7- 9 | 10-12 | 13-15 || total
-------------------------+-------+-------+-------+-------+-------++-------
Melee: Dagger            |       |     5 |       |       |       ||     5
       Battleaxe         |       |       |       |     1 |       ||     1
       Staff             |       |       |       |       |    41 ||    41
Throw: Dart              |       |       |       |     2 |       ||     2
 Cast: Magic Dart        |    52 |    63 |     4 |    58 |     7 ||   184
       Searing Ray       |     2 |    21 |    54 |   151 |    23 ||   251
       Iskenderun's Myst |       |       |       |     2 |       ||     2
       Irradiate         |       |       |       |       |    28 ||    28
       Animate Armour    |       |       |       |       |     1 ||     1
Evoke: Wand              |       |       |     3 |     7 |       ||    10
  Use: Scroll            |       |       |       |    13 |     1 ||    14
       Potion            |       |       |       |     1 |       ||     1
Armor: Robe              |     1 |     6 |    11 |    97 |    37 ||   152
Dodge: Dodged            |     3 |    12 |    49 |   335 |   118 ||   517

Table legend: (Time is in decaauts)
 A = Elapsed time spent in this place.
 B = Non-inter-level travel time spent in this place.
 C = Inter-level travel time spent in this place.
 D = Time resting spent in this place.
 E = Time spent auto-exploring this place.
 F = Levels seen in this place.
 G = Mean time per level.
                   A        B        C        D        E       F      G
               +--------+--------+--------+--------+--------+-----+--------+
         Total |  11095 |  10805 |    290 |    153 |   8522 |  15 |  739.7 |
       Dungeon |  10203 |   9913 |    290 |    112 |   8067 |  13 |  784.8 |
        Temple |      1 |      1 |      0 |      0 |      0 |   1 |    1.0 |
      Ice Cave |    890 |    890 |      0 |     41 |    455 |   1 |  890.0 |
               +--------+--------+--------+--------+--------+-----+--------+

Top non-repeatable levels by time:
    D:11: 1250 daAuts
     D:5: 1047 daAuts
     D:9: 1028 daAuts
     D:8: 978 daAuts
     D:2: 925 daAuts
     D:3: 906 daAuts
   IceCv: 890 daAuts
    D:10: 792 daAuts
    D:12: 743 daAuts
     D:1: 742 daAuts
     D:6: 671 daAuts
     D:7: 562 daAuts
     D:4: 534 daAuts
    D:13: 19 daAuts
  Temple: 1 daAuts
